 Dungeon Crawl Stone Soup version 0.18.1-48-g4cf74bf (webtiles) character file.

9975 Heedrag the Eclecticist (level 11, -57/54 HPs)
             Began as a Deep Elf Conjurer on July 25, 2016.
             Was an Elder of Vehumet.
             Killed from afar by a Hell Sentinel (58 damage)
             ... with an iron shot
             ... summoned by a deep elf demonologist
             ... on level 2 of the Orcish Mines.
             The game lasted 00:40:44 (14603 turns).

Heedrag the Eclecticist (Deep Elf Conjurer)        Turns: 14603, Time: 00:40:44

Health: -57/54     AC: 12    Str:  8      XL:     11   Next: 30%
Magic:  20/34      EV: 17    Int: 18 (21) God:    Vehumet [****..]
Gold:   826        SH:  5    Dex: 15      Spells: 5 memorised, 27 levels left

rFire  . . .     SeeInvis .     B - +2 trident (protect)
rCold  . . .     Gourm    .     a - +0 robe
rNeg   + . .     Faith    .     (no shield)
rPois  .         Spirit   .     N - +0 helmet
rElec  .         Dismiss  .     n - +2 cloak
rCorr  .         Reflect  +     (no gloves)
SustAt .         Harm     .     E - +0 pair of boots
MR     +....                    f - +5 amulet of reflection
Stlth  ++++......               L - ring of positive energy
                                x - +4 ring of evasion

@: somewhat resistant to hostile enchantments, stealthy
A: no striking features
a: Renounce Religion


You were on level 2 of the Orcish Mines.
You worshipped Vehumet.
Vehumet was greatly pleased with you.
You were not hungry.

You visited 3 branches of the dungeon, and saw 13 of its levels.
You also visited: Ossuary.

You collected 936 gold pieces.
You spent 110 gold pieces at shops.

Inventory:

Hand Weapons
 l - a +0 dagger
 B - a +2 trident of protection (weapon)
 F - a +4 quarterstaff of chaos
 P - a +2 long sword of freezing
Armour
 a - a +0 robe (worn)
 h - a cursed +0 shield
 n - a +2 cloak (worn)
 r - a troll hide
 u - the +0 chain mail of the Gloaming {rElec MR+++ Dex+6}
   (You found it on level 4 of the Dungeon)

   It affects your dexterity (+6).
   It insulates you from electricity.
   It affects your resistance to hostile enchantments.
 E - a +0 pair of boots (worn)
 G - a +1 cloak
 K - the +0 leather armour of the Dwarven Hall {Slay+2}
   (You found it on level 5 of the Dungeon)

   It affects your accuracy and damage with ranged weapons and melee attacks
   (+2).
 N - a +0 helmet (worn)
 U - a cursed +0 shield
Jewellery
 f - a +5 amulet of reflection (around neck)
 w - an uncursed amulet of guardian spirit
 x - a +4 ring of evasion (left hand)
 L - a ring of positive energy (right hand)
 M - an uncursed ring of fire
 Q - a +3 ring of strength {unknown}
Wands
 y - a wand of flame (17/48)
 I - a wand of confusion (26/48)
 O - a wand of digging (21/24)
 X - a wand of iceblast (4/15)
Scrolls
 d - 7 scrolls of identify
 j - 3 scrolls of remove curse
 k - 2 scrolls of blinking
 m - 2 scrolls of random uselessness
 o - a scroll of magic mapping
 t - 2 scrolls of fog
 A - 3 scrolls of fear
 D - 3 scrolls of immolation
 H - a scroll of acquirement {unknown}
 R - 2 scrolls of noise {unknown}
 S - a scroll of amnesia
 Z - a scroll of vulnerability {unknown}
Potions
 e - 3 potions of agility
 g - 5 potions of haste {unknown}
 i - 2 potions of flight {unknown}
 p - 2 potions of brilliance {unknown}
 q - 2 potions of might {unknown}
 v - 6 potions of curing
 J - a potion of magic
 T - 4 potions of heal wounds {unknown}
Books
 b - a book of Conjurations

   Spells                             Type                      Level
   a - Magic Dart                     Conjuration                  1
   b - Searing Ray                    Conjuration                  2
   c - Dazzling Spray                 Conjuration/Hexes            3
   d - Fulminant Prism                Conjuration/Hexes            4
   e - Iskenderun's Mystic Blast      Conjuration                  4
   f - Iskenderun's Battlesphere      Conjuration/Charms           5
 Y - a book of Debilitation

   Spells                             Type                      Level
   a - Corona                         Hexes                        1
   b - Slow                           Hexes                        2
   c - Gell's Gravitas                Hexes/Translocation          3
   d - Inner Flame                    Hexes/Fire                   3
   e - Cause Fear                     Hexes                        4
   f - Leda's Liquefaction            Hexes/Earth                  4
Comestibles
 c - 12 bread rations
 s - 2 slices of pizza
 z - 2 royal jellies
 V - 8 beef jerkies


   Skills:
 - Level 2.4 Dodging
 + Level 9.6 Stealth
 * Level 17.8 Spellcasting
 + Level 8.8 Conjurations
 + Level 2.3 Charms


You had 27 spell levels left.
You knew the following spells:

 Your Spells              Type           Power        Failure   Level  Hunger
a - Magic Dart            Conj           ####         1%          1    None
b - Dazzling Spray        Conj/Hex       ####..       1%          3    None
c - Iskenderun's Mystic   Conj           #####...     1%          4    None
d - Iskenderun's Battles  Conj/Chrm      #####...     3%          5    ###....
e - Fireball              Conj/Fire      ####......   5%          5    ###....


Dungeon Overview and Level Annotations

Branches:
Dungeon (10/15)            Temple (0/1) D:7            Lair (1/8) D:9
    Orc (2/2) D:9
    Elf: Orc:2

Altars:
Cheibriados
Dithmenos
Gozag
Kikubaaqudgha
Makhleb
Nemelex Xobeh
Trog
Vehumet
Yredelemnul
The Shining One

Shops:
D:5 %   D:6 ?   D:7 [   D:9 [(

Annotations:
Lair:1 Grum


Message History

Tha orb o' energy hits tha Hell Sentinel.
Tha orb o' energy 'splodes!
Tha deep elf demonologist gestures at ye while chantin'.
Tha Hell Sentinel be unaffected.
Tha blizzard demon gestures at ye.
Tha bolt o' lightnin' hits tha Hell Sentinel.
Tha Hell Sentinel completely resists.
Tha bolt o' lightnin' hits ye!
Ouch! Tha re'lly hurt!
Tha Hell Sentinel gestures at ye.
Tha damnation unfurls!
Tha damnation 'ngulfs ye!
* * * LOW HITPOINT WARNIN'
* * * Ye hear two shouts!
Ye see 'ere a tomahawk.
Tha deep elf demonologist casts a spell.
Tha deep elf demonologist gestures at ye while chantin'.
Tha Hell Sentinel be unaffected.
Tha Hell Sentinel gestures at ye.
Tha iron shot hits ye!
Ouch! Tha re'lly hurt!
Ye die...

####### ####### ###..#..###
##.....##
#.........####...)...##
)[...........##[).....#
.........)............#
.......##........#.#..##
..#.....#..#...)@......#
............#.....)....####
........................#.##
................1....#.#...# #
<..............(..)...##..##.##
..............................#
...........................#.##
............2...e.........##
.......................#....<.


You could see a Hell Sentinel, a blizzard demon and a deep elf demonologist.

Vanquished Creatures
  A centaur warrior (D:9)
  An orc high priest (Orc:2)
  A hill giant (D:10)
  2 trolls
  2 two-headed ogres
  4 yaks
  A wyvern (D:9)
  A wraith (D:9)
  A hungry ghost (D:9)
  2 hippogriffs
  2 wargs (Orc:2)
  A water moccasin (D:5)
  Duvessa (D:7)
  3 ice beasts
  4 orc warriors
  2 sky beasts
  2 black bears
  3 eyes of draining
  A necrophage (D:8)
  10 ogres
  A wolf (D:9)
  5 centaurs
  5 giant frogs
  A gnoll sergeant (D:6)
  2 scorpions
  Dowan (D:7)
  14 killer bees
  3 crimson imps
  A howler monkey (D:8)
  A wasp zombie (D:8)
  3 jellies
  3 hounds
  A centaur zombie (D:9)
  6 orc wizards
  2 centaur skeletons (D:9)
  2 giant frog skeletons
  6 orc priests
  Crazy Yiuf (D:4)
  2 iguanas
  10 worker ants
  7 big kobold zombies (Ossuary)
  A killer bee zombie (D:7)
  8 ogre zombies (D:9)
  A mummy (Ossuary)
  Robin (D:2)
  10 adders
  11 gnolls
  A howler monkey skeleton (D:8)
  3 shadow imps
  2 worms
  5 dart slugs
  5 giant geckos
  33 orcs
  2 spectral bats (Ossuary)
  6 giant cockroaches
  8 gnoll zombies
  19 goblins
  9 hobgoblins
  4 jackals
  4 kobolds
  3 quokkas
  10 bats
  A bat simulacrum (Ossuary)
  A giant gecko skeleton (D:4)
  5 giant newts
  3 goblin simulacra (Ossuary)
  2 goblin skeletons (D:9)
  10 goblin zombies
  9 hobgoblin zombies
  A jackal zombie (D:8)
  2 kobold simulacra (Ossuary)
  7 kobold zombies (Ossuary)
  2 orc skeletons (D:9)
  14 orc zombies
  A quokka skeleton (D:9)
  7 rats
  3 rat simulacra (Ossuary)
  4 spectral goblins (Ossuary)
  2 spectral kobolds (Ossuary)
  A spectral rat (Ossuary)
343 creatures vanquished.

Notes
Turn   | Place    | Note
--------------------------------------------------------------
     0 | D:1      | Heedrag the Deep Elf Conjurer began the quest for the Orb.
     0 | D:1      | Reached XP level 1. HP: 10/10 MP: 6/6
     6 | D:1      | Noticed a wolf
     6 | D:1      | Noticed an eight-headed hydra
     6 | D:1      | Noticed a redback
     7 | D:1      | Noticed an anaconda
     7 | D:1      | Noticed a black bear
   399 | D:1      | Reached skill level 4 in Spellcasting
   399 | D:1      | Reached XP level 2. HP: 15/15 MP: 5/9
  1200 | D:2      | Reached XP level 3. HP: 19/19 MP: 1/11
  1205 | D:2      | Learned a level 3 spell: Dazzling Spray
  1337 | D:2      | Reached skill level 5 in Spellcasting
  1474 | D:2      | Noticed Robin
  1745 | D:2      | Reached XP level 4. HP: 24/24 MP: 9/13
  1747 | D:2      | Reached skill level 6 in Spellcasting
  1769 | D:2      | Killed Robin
  1942 | D:2      | Learned a level 4 spell: Iskenderun's Mystic Blast
  2460 | D:3      | Reached skill level 7 in Spellcasting
  2460 | D:3      | Reached XP level 5. HP: 28/28 MP: 5/16
  3137 | D:4      | Got a bloodstained chain mail
  3275 | D:4      | Noticed an ogre
  3281 | D:4      | Killed an ogre
  3281 | D:4      | Reached skill level 8 in Spellcasting
  3391 | D:4      | Noticed an ogre
  3395 | D:4      | Reached XP level 6. HP: 32/32 MP: 13/19
  3401 | D:4      | Reached skill level 9 in Spellcasting
  3884 | D:4      | Noticed Crazy Yiuf
  3887 | D:4      | Killed Crazy Yiuf
  3935 | D:5      | Entered Level 5 of the Dungeon
  3935 | D:5      | Found Bippaen's Food Boutique.
  3986 | D:5      | Reached skill level 10 in Spellcasting
  3990 | D:5      | Reached XP level 7. HP: 36/36 MP: 15/22
  4574 | D:5      | Found a radiant altar of Vehumet.
  4579 | D:5      | Reached skill level 11 in Spellcasting
  4584 | D:5      | Became a worshipper of Vehumet
  4649 | D:5      | Reached skill level 12 in Spellcasting
  4649 | D:5      | Reached XP level 8. HP: 28/41 MP: 0/26
  4813 | D:5      | Got a transparent leather armour
  5221 | D:6      | Reached skill level 13 in Spellcasting
  5637 | D:6      | Identified the +0 chain mail of the Gloaming {rElec MR+++ Dex+6} (You found it on level 4 of the Dungeon)
  5638 | D:6      | Identified the +0 leather armour of the Dwarven Hall {Slay+2} (You found it on level 5 of the Dungeon)
  5642 | D:6      | Found Aclitoat's Magic Scroll Shoppe.
  5813 | D:6      | Bought a scroll of blinking for 75 gold pieces
  5813 | D:6      | Bought a scroll of magic mapping for 35 gold pieces
  5953 | D:6      | Reached * piety under Vehumet
  5953 | D:6      | Offered knowledge of Flame Tongue by Vehumet.
  5969 | D:6      | Learned a level 5 spell: Iskenderun's Battlesphere
  6093 | D:6      | Reached skill level 5 in Conjurations
  6183 | D:6      | Reached skill level 14 in Spellcasting
  6299 | D:6      | Found a basalt altar of Yredelemnul.
  6678 | D:7      | Noticed Duvessa
  6678 | D:7      | Noticed Dowan
  6878 | D:7      | Killed Dowan
  6878 | D:7      | Reached XP level 9. HP: 45/45 MP: 18/29
  6882 | D:7      | Killed Duvessa
  7293 | D:7      | Found a staircase to the Ecumenical Temple.
  7375 | D:7      | Found Pihao's Antique Armour Boutique.
  7419 | D:7      | Reached skill level 5 in Stealth
  7943 | D:8      | Found a sand-covered staircase.
  7961 | Ossuary  | Entered an ossuary
  8082 | Ossuary  | Reached ** piety under Vehumet
  8082 | Ossuary  | Offered knowledge of Shock by Vehumet.
  8602 | Ossuary  | Offered knowledge of Throw Flame by Vehumet.
  9115 | D:8      | Reached *** piety under Vehumet
  9136 | D:8      | Reached skill level 15 in Spellcasting
  9346 | D:8      | Offered knowledge of Conjure Flame by Vehumet.
  9916 | D:9      | Reached XP level 10. HP: 50/50 MP: 2/31
 10102 | D:9      | Found Ymif's Antique Weapon Boutique.
 10277 | D:9      | Reached **** piety under Vehumet
 10287 | D:9      | Offered knowledge of Irradiate by Vehumet.
 10287 | D:9      | Reached skill level 16 in Spellcasting
 10653 | D:9      | Found a burning altar of Makhleb.
 10935 | D:9      | Found a staircase to the Lair.
 11053 | D:9      | Found an ancient bone altar of Kikubaaqudgha.
 11057 | D:9      | Found a bloodstained altar of Trog.
 11058 | D:9      | Found a snail-covered altar of Cheibriados.
 11059 | D:9      | Found a glowing golden altar of the Shining One.
 11059 | D:9      | Found a shadowy altar of Dithmenos.
 11060 | D:9      | Found an opulent altar of Gozag.
 11163 | D:9      | Noticed a centaur warrior
 11169 | D:9      | Killed a centaur warrior
 11180 | D:10     | Entered Level 10 of the Dungeon
 11294 | D:10     | Noticed a gargoyle
 11741 | D:10     | Found a sparkling altar of Nemelex Xobeh.
 11748 | D:10     | Noticed a hill giant
 11753 | D:10     | Killed a hill giant
 11753 | D:10     | Reached skill level 17 in Spellcasting
 11923 | D:9      | Found a staircase to the Orcish Mines.
 12067 | D:9      | Reached ***** piety under Vehumet
 12299 | D:9      | Offered knowledge of Fireball by Vehumet.
 12861 | D:9      | Found Otuocetz's Armour Emporium.
 12904 | D:9      | Reached XP level 11. HP: 54/54 MP: 14/34
 13012 | D:9      | Learned a level 5 spell: Fireball
 13552 | Lair:1   | Entered Level 1 of the Lair of Beasts
 13552 | Lair:1   | Noticed Grum
 13670 | Orc:1    | Entered Level 1 of the Orcish Mines
 13738 | Orc:1    | Reached skill level 1 in Charms
 14036 | Orc:2    | Entered Level 2 of the Orcish Mines
 14323 | Orc:2    | Noticed an orc high priest
 14327 | Orc:2    | Killed an orc high priest
 14592 | Orc:2    | Noticed a deep elf demonologist
 14595 | Orc:2    | Noticed a Hell Sentinel
 14596 | Orc:2    | Noticed a blizzard demon
 14599 | Orc:2    | HP: 1/54 [Hell Sentinel/damnation[a deep elf demonologist] (23)]
 14603 | Orc:2    | Killed from afar by a Hell Sentinel

Skill      XL: |  1  2  3  4  5  6  7  8  9 10 11 |
---------------+----------------------------------+-----
Spellcasting   | 4 5 7 8 10 12 14 15 17 | 17.8
Stealth        | 4 6 9 |  9.6
Conjurations   | 5 6 8 |  8.8
Charms         | 2 |  2.3
Dodging        | |  2.4

Action                   |  1- 3 |  4- 6 |  7- 9 | 10-12 || total
-------------------------+-------+-------+-------+-------++-------
Melee: Dagger            |    10 |    19 |       |       ||    29
       Trident           |       |     1 |    40 |    66 ||   107
 Cast: Magic Dart        |    85 |    96 |   343 |   134 ||   658
       Dazzling Spray    |       |    15 |    58 |       ||    73
       Iskenderun's Myst |       |     1 |    76 |   179 ||   256
       Iskenderun's Batt |       |       |       |     4 ||     4
       Fireball          |       |       |       |     2 ||     2
  Use: Scroll            |       |       |    12 |     3 ||    15
       Potion            |       |       |     3 |     3 ||     6
 Stab: Invisible         |       |       |     2 |       ||     2
  Eat: Chunk             |     2 |     7 |     8 |    15 ||    32
       Meat ration       |       |       |     2 |       ||     2
       Pizza             |       |       |       |     1 ||     1
Armor: Robe              |     4 |     6 |    39 |    19 ||    68
Dodge: Dodged            |    20 |    24 |   139 |    84 ||   267
Block: Other             |     2 |     7 |    48 |    19 ||    76
       Reflection        |       |       |     6 |     2 ||     8
